 Dungeon Crawl Stone Soup version 0.31.0-9-g3a7656b989 (webtiles) character file.

Game seed: 12013995886795626658

95 Kenran the Trooper (level 4, -5/66 HPs)
             Began as a Naga Berserker on Jan 30, 2024.
             Was a Believer of Trog.
             Splashed by a jelly's acid (10 damage)
             ... in a sewer.
             The game lasted 00:04:14 (2012 turns).

Kenran the Trooper (Naga Berserker)                 Turns: 2012, Time: 00:04:15

Health: -5/66      AC: -7    Str: 21    XL:     4   Next: 66%
Magic:  4/4        EV:  8    Int:  8    God:    Trog [**....]
Gold:   99         SH:  0    Dex: 10    Spells: 3/3 levels left

rFire   . . .        a - +0 spear
rCold   . . .        (no shield)
rNeg    . . .        l - +0 scale mail
rPois   +            (no helmet)
rElec   .            (no cloak)
rCorr   .            (no gloves)
SInv    +            (no barding)
Will    .....        b - amulet of faith {!P} Stlth
                     (no ring)
HPRegen 0.31/turn    (no ring)
MPRegen 0.09/turn

%: faith
@: berserking, corroded, quick
A: AC +1, large, see invisible, deformed body, poison resistance, slowness 2,
spit poison 1, naga tail 1
a: Spit Poison, Renounce Religion, Berserk, Trog's Hand


You were in a sewer.
You worshipped Trog.
Trog was pleased with you.
You visited 1 branch of the dungeon, and saw 3 of its levels.
You also visited: Sewer.

You collected 99 gold pieces.

Inventory:

Hand Weapons
 a - a +0 spear (weapon)
Missiles
 c - 3 poisoned darts
 e - a throwing net
Armour
 l - a +0 scale mail (worn)
Jewellery
 b - an amulet of faith (around neck) {!P}
Scrolls
 f - a scroll of enchant armour {unknown}
 g - a scroll of revelation {unknown}
 i - 2 scrolls of poison
 j - a scroll of identify {unknown}
Potions
 d - a potion of curing {unknown}
 h - a potion of haste {unknown}
 k - a potion of berserk rage {unknown}
 m - a potion of enlightenment {unknown}


   Skills:
 + Level 3.7 Fighting
 + Level 3.6 Polearms
 + Level 2.3 Armour
 + Level 2.3 Dodging


You had 3 spell levels left.
You didn't know any spells.
Your spell library was empty.

Dungeon Overview and Level Annotations

Branches:
Dungeon (3/15)              Sewer (1/1)

Altars:


Innate Abilities, Weirdness & Mutations

Your serpentine skin is tough. (AC +1)
You have supernaturally acute eyesight. (SInv)
Armour fits poorly on your strangely shaped body.
Your system is resistant to poisons. (rPois)
You cover ground very slowly.
You can spit poison.
You have a snake-like lower body.


Message History

No target in view!
Things that are here:
a +0 whip; a kobold corpse
There is an empty arch of ancient stone here.
There is a broken door here.
You now have 99 gold pieces (gained 18).
There is a broken door here.
As you open the door, it creaks loudly!
A jelly comes into view.
Okay, then.
You barely miss the jelly. You hit the jelly. The acid corrodes you!
Your hands burn!
The jelly is moderately wounded.
The jelly hits you. The acid corrodes you!
You are splashed with acid!
Aiming: Spit Poison (1% risk of failure)
Press: ? - help, Shift-Dir - straight line, f - jelly
Aim: a jelly (moderately wounded, 100% to hit)
Okay, then.
A red film seems to cover your vision as you go berserk!
You feel yourself moving faster!
You feel mighty! The jelly hits you.
You are splashed with acid!
You hit the jelly.
Your hands burn!
The jelly is heavily wounded.
The jelly hits you.
You are splashed with acid!
You hit the jelly but do no damage.
Your hands burn!
The jelly is heavily wounded.
The jelly hits you.
* * * LOW HITPOINT WARNING * * *
You are splashed with acid.
* * * LOW HITPOINT WARNING * * *
You hit the jelly. The acid corrodes you!
Your hands burn!
* * * LOW HITPOINT WARNING * * *
The jelly is severely wounded.
You hit the jelly.
Your hands burn!
* * * LOW HITPOINT WARNING * * *
The jelly is severely wounded.
The jelly hits you.
* * * LOW HITPOINT WARNING * * *
You are splashed with acid!
You die... ≣≣≣≣≣≣≣≣≣≣≣≣

≣∩≣≣.≣≣.≣≣.≣
≣.≣≣.≣≣.≣≣.≣
≣+≣≣+≣≣.≣≣'≣≣'≣≣)≣
.................≣
~~~~~~~)~)~~~~~~~≣
≈≈≈≈≈≈≈∩≈≈≈≈≈≈≈≈≈≣
~~~~~~~.~~~~~~~~~≣
......).......@..≣


≣+≣≣'≣≣+≣≣+≣≣J≣≣'≣ ≣. ≣. ≣.≣ ≣ ≣. ≣.≣ ≣≣ ≣≣≣ You could see a jelly.

Vanquished Creatures
  2 adders
  2 dart slugs
  3 ribbon worms
  8 bats
  An endoplasm (D:1)
  3 giant cockroaches
  4 hobgoblins
  4 jackals (D:2)
  4 quokkas
  8 ball pythons
  6 frilled lizards
  6 goblins
  8 kobolds
  4 rats
63 creatures vanquished.

Notes
Turn   | Place    | Note
-------+----------+-------------------------------------------
     0 | D:1      | Kenran the Naga Berserker began the quest for the Orb.
     0 | D:1      | Reached XP level 1. HP: 21/21 MP: 1/1
   196 | D:1      | Reached XP level 2. HP: 26/28 MP: 2/2
   713 | D:1      | Reached XP level 3. HP: 26/34 MP: 3/3
  1080 | D:2      | Reached ** piety under Trog
  1483 | D:2      | Reached XP level 4. HP: 38/42 MP: 4/4
  1671 | D:2      | Found a faded altar of an unknown god.
  1930 | D:3      | Found a glowing drain.
  1955 | Sewer    | Entered a sewer
  2012 | Sewer    | Splashed by a jelly's acid

Illustrated notes

Levels and vault maps discovered:
D:1:      dpeg_arrival_water_temple_mockup, layout_basic
D:2:      layout_basic, dilly_ecumenical_altar_fadedgnrine, st_stairs_13,
          kennysheep_generic_room_16
D:3:      layout_loops_ring, mainiacjoe_sewer_entry_somewhere_in_here_1,
          minmay_ogre_servants
Sewer:    kennysheep_door_sewer

Skill      XL: |  1  2  3 |
---------------+----------+-----
Dodging        | 2 |  2.3
Armour         | 2 |  2.3
Fighting       | |  3.7
Polearms       | |  3.6

Action                     |  1- 3 |  4- 6 || total
---------------------------+-------+-------++-------
  Melee: Spear             |   127 |   100 ||   227
         Punch             |     1 |       ||     1
 Invoke: Berserk           |       |     1 ||     1
Ability: Spit Poison       |    22 |     6 ||    28
    Use: Scroll            |     1 |       ||     1
   Stab: Sleeping          |     1 |       ||     1
         Distracted        |       |     1 ||     1
 Armour: Animal skin       |    39 |       ||    39
         Scale mail        |    23 |    55 ||    78
  Dodge: Dodged            |    47 |    31 ||    78
